[Event "CZE-ch Youth B16 2022"]
[Site "Luhacovice"]
[Date "2022.03.14"]
[Round "4.11"]
[White "Trojan, Matyas"]
[Black "Vasinek, Martin"]
[Result "1/2-1/2"]
[ECO "B35"]
[WhiteElo "1582"]
[BlackElo "1594"]
[Annotator "NA RC"]
[PlyCount "132"]
[EventDate "2022.03.12"]
[EventType "swiss"]
[EventCountry "CZE"]
[SourceTitle "playchess.com"]
[Source "ChessBase"]
[SourceQuality "1"]
[TimeControl "40/5400+30:1800+30"]

1. e4 c5 2. Nf3 Nc6 3. d4 cxd4 4. Nxd4 g6 5. Nc3 Bg7 6. Be3 Nf6 7. Bc4 Qa5 8. f3 Qb4 9. Ndb5 O-O 10. Bb3 Ne8 11. a3 Qa5 12. Nd4 Nc7 13. Qd2 d6 14. O-O-O Nxd4 15. Bxd4 Be6 16. Bxg7 Kxg7 17. Qd4+ Kg8 18. Nd5 Nxd5 19. exd5 Bd7 20. h4 Qc5 21. Qf4 f6 22. Qh6 Rf7 23. c3 Raf8 24. Rd4 a5 25. g4 Rg7 26. Bc2 b6 27. g5 fxg5 28. h5 gxh5 29. Qxh5 Bf5 30. Bxf5 Rxf5 31. Re1 Qb5 32. c4 Qb3 33. Rde4 Qxf3 34. Qe8+ Rf8 35. Qb5 Qf2 36. Rxe7 Rxe7 37. Rxe7 Qc5 38. Qb3 Qg1+ 39. Kd2 Rf2+ 40. Re2 Rxe2+ 41. Kxe2 Qh2+ 42. Kf1 Qf4+ 43. Kg2 Qe4+ 44. Kf1 h5 45. Kf2 Qd4+ 46. Kg2 h4 47. Qc2 Kg7 48. Qf5 Qf6 49. Qd7+ Kh6 50. b4 Qb2+ 51. Kf1 Qc1+ 52. Kg2 Qd2+ 53. Kg1 Qe1+ 54. Kg2 Qg3+ 55. Kf1 Qf4+ 56. Kg2 Qe4+ 57. Kg1 Qd4+ 58. Kg2 Qb2+ 59. Kg1 Qc1+ 60. Kg2 Qc2+ 61. Kg1 Qd1+ 62. Kf2 Qd2+ 63. Kf1 Qf4+ 64. Kg2 g4 65. Qe6+ Kg5 66. Qg8+ Kh5 1/2-1/2

[Event "CZE-ch Youth B16 2022"]
[Site "Luhacovice"]
[Date "2022.03.14"]
[Round "4.12"]
[White "Zrubek, Adam"]
[Black "Simek, Viktor"]
[Result "0-1"]
[ECO "C89"]
[WhiteElo "1661"]
[BlackElo "1527"]
[Annotator "NA"]
[PlyCount "57"]
[EventDate "2022.03.12"]
[EventType "swiss"]
[EventCountry "CZE"]
[SourceTitle "playchess.com"]
[Source "ChessBase"]
[SourceQuality "1"]
[TimeControl "40/5400+30:1800+30"]

1. e4 e5 2. Nf3 Nc6 3. Bb5 a6 4. Ba4 Nf6 5. O-O Be7 6. Re1 b5 7. Bb3 O-O 8. c3 d5 9. exd5 Nxd5 10. Nxe5 Nxe5 11. Rxe5 c6 12. d4 Bd6 13. Re1 Qh4 14. g3 Qh3 15. Qf3 Bg4 16. Qg2 Qh5 17. Bxd5 cxd5 18. Be3 Bf3 19. Qf1 f5 20. Bc1 f4 21. Nd2 fxg3 22. fxg3 Bxg3 23. Nxf3 Rxf3 24. hxg3 Rxg3+ 25. Qg2 Rxg2+ 26. Kxg2 Qg4+ 27. Kf2 Rf8+ 28. Ke3 Qd7 29. Rh1 0-1

[Event "CZE-ch Youth B16 2022"]
[Site "Luhacovice"]
[Date "2022.03.15"]
[Round "5.2"]
[White "Jirasko, Miroslav"]
[Black "Dolensky, Filip"]
[Result "1/2-1/2"]
[ECO "E92"]
[WhiteElo "1933"]
[BlackElo "2021"]
[Annotator "ChessBase"]
[PlyCount "91"]
[EventDate "2022.03.12"]
[EventType "swiss"]
[EventCountry "CZE"]
[SourceTitle "playchess.com"]
[Source "ChessBase"]
[SourceQuality "1"]
[TimeControl "40/5400+30:1800+30"]

1. Nf3 Nf6 2. d4 g6 3. c4 Bg7 4. Nc3 d6 5. e4 O-O 6. Be2 e5 7. dxe5 dxe5 8. Qxd8 Rxd8 9. Bg5 Re8 10. O-O-O h6 11. Be3 c6 12. Ne1 Be6 13. f3 Nbd7 14. Nc2 Red8 15. b4 Bf8 16. Bf2 Be7 17. g4 Ne8 18. h4 a5 19. a3 Nd6 20. Ne3 b6 21. Kb2 axb4 22. axb4 Ra7 23. Ra1 Rda8 24. Rxa7 Rxa7 25. b5 c5 26. Ned5 Bxd5 27. Nxd5 Bd8 28. Be3 Kg7 29. Bd2 g5 30. hxg5 hxg5 31. Bc3 f6 32. Ne3 Be7 33. Rd1 Kg6 34. Nf5 Nxf5 35. exf5+ Kg7 36. Bd3 Nf8 37. Be4 Nh7 38. Kb3 Nf8 39. Bc6 Nh7 40. Bb2 Nf8 41. Kc3 Kf7 42. Bd5+ Ke8 43. Kb3 Bd6 44. Bc6+ Ke7 45. Rh1 Kd8 46. Rd1 1/2-1/2

[Event "CZE-ch Youth B16 2022"]
[Site "Luhacovice"]
[Date "2022.03.15"]
[Round "5.3"]
[White "Janous, Marek"]
[Black "Stejskal, Michal"]
[Result "1/2-1/2"]
[ECO "C05"]
[WhiteElo "2056"]
[BlackElo "1857"]
[Annotator "ChessBase"]
[PlyCount "65"]
[EventDate "2022.03.12"]
[EventType "swiss"]
[EventCountry "CZE"]
[SourceTitle "playchess.com"]
[Source "ChessBase"]
[SourceQuality "1"]
[TimeControl "40/5400+30:1800+30"]

1. e4 e6 2. d4 d5 3. Nd2 Nf6 4. e5 Nfd7 5. Bd3 c5 6. c3 Nc6 7. Ne2 c4 8. Bc2 b5 9. O-O Qb6 10. Kh1 Bb7 11. f4 g6 12. Nf3 Be7 13. Ng5 b4 14. Ng3 a5 15. f5 exf5 16. Nxf7 Rf8 17. Nd6+ Bxd6 18. exd6 O-O-O 19. Bf4 Rde8 20. Qf3 Nd8 21. Rfe1 Nf7 22. Re7 bxc3 23. bxc3 Nxd6 24. Rxh7 Nf7 25. Rb1 Qe6 26. h4 Rh8 27. Rxh8 Rxh8 28. h5 Nf6 29. Kg1 Nxh5 30. Nxh5 Rxh5 31. Kf2 Nd6 32. Rb6 Rh1 33. Qe2 1/2-1/2

[Event "CZE-ch Youth B16 2022"]
[Site "Luhacovice"]
[Date "2022.03.15"]
[Round "5.4"]
[White "Le, Anh Dung"]
[Black "Bezdek, Tomas"]
[Result "1/2-1/2"]
[ECO "B47"]
[WhiteElo "1998"]
[BlackElo "1855"]
[Annotator "ChessBase"]
[PlyCount "42"]
[EventDate "2022.03.12"]
[EventType "swiss"]
[EventCountry "CZE"]
[SourceTitle "playchess.com"]
[Source "ChessBase"]
[SourceQuality "1"]
[TimeControl "40/5400+30:1800+30"]

1. e4 c5 2. Nf3 e6 3. d4 cxd4 4. Nxd4 Nc6 5. Nc3 Qc7 6. g3 a6 7. Bg2 Nf6 8. O-O Nxd4 9. Qxd4 Bc5 10. Bf4 d6 11. Qd2 h6 12. Rad1 e5 13. Be3 Be6 14. Bxc5 dxc5 15. Qd6 Qxd6 16. Rxd6 Ke7 17. Rb6 Kd7 18. Rxb7+ Kc6 19. Re7 Kd6 20. Rb7 Kc6 21. Re7 Rhb8 1/2-1/2

[Event "CZE-ch Youth B16 2022"]
[Site "Luhacovice"]
[Date "2022.03.15"]
[Round "5.5"]
[White "Winter, Ondrej"]
[Black "Dedek, Jan"]
[Result "1-0"]
[ECO "B10"]
[WhiteElo "2147"]
[BlackElo "1963"]
[Annotator "ChessBase"]
[PlyCount "95"]
[EventDate "2022.03.12"]
[EventType "swiss"]
[EventCountry "CZE"]
[SourceTitle "playchess.com"]
[Source "ChessBase"]
[SourceQuality "1"]
[TimeControl "40/5400+30:1800+30"]

1. e4 c6 2. Nc3 d5 3. Nf3 dxe4 4. Nxe4 Nd7 5. Qe2 e6 6. g3 Ngf6 7. Bg2 Be7 8. O-O O-O 9. d4 Nd5 10. Ne5 N7f6 11. Rd1 Nxe4 12. Bxe4 Qc7 13. c4 Nf6 14. Bg2 Nd7 15. Bf4 Nxe5 16. Bxe5 Bd6 17. c5 Bxe5 18. dxe5 b6 19. Rac1 Bb7 20. Rd6 Rad8 21. Qd3 bxc5 22. Rxc5 Qb6 23. Qc3 Rxd6 24. exd6 Rd8 25. Qd4 g6 26. h4 h5 27. Bf3 Rd7 28. Bxh5 Qd8 29. Bf3 Rxd6 30. Qe5 Rd3 31. Bxc6 Bxc6 32. Rxc6 Rd7 33. Qc3 Qe7 34. Rc8+ Rd8 35. Qa3 Qd7 36. Rxd8+ Qxd8 37. Qxa7 Qd1+ 38. Kh2 Qd2 39. Qb8+ Kh7 40. Qf4 Qxb2 41. Qxf7+ Kh8 42. a4 Qa2 43. a5 Qxa5 44. Qxg6 Qb6 45. Qf6+ Kh7 46. h5 Qc5 47. Qf7+ Kh8 48. h6 1-0

[Event "CZE-ch Youth B16 2022"]
[Site "Luhacovice"]
[Date "2022.03.15"]
[Round "5.6"]
[White "Pelc, Adam"]
[Black "Hak, David"]
[Result "0-1"]
[ECO "B40"]
[WhiteElo "1811"]
[BlackElo "2132"]
[Annotator "ChessBase"]
[PlyCount "66"]
[EventDate "2022.03.12"]
[EventType "swiss"]
[EventCountry "CZE"]
[SourceTitle "playchess.com"]
[Source "ChessBase"]
[SourceQuality "1"]
[TimeControl "40/5400+30:1800+30"]

1. e4 c5 2. Nf3 e6 3. d4 cxd4 4. Nxd4 Nf6 5. Bd3 Nc6 6. Nxc6 bxc6 7. O-O d5 8. exd5 cxd5 9. Re1 Bd6 10. Nc3 O-O 11. Bg5 Bb7 12. Qe2 e5 13. Ba6 Bc6 14. Bb5 Bb7 15. Ba6 Bxa6 16. Qxa6 e4 17. Nxd5 Bxh2+ 18. Kxh2 Ng4+ 19. Kg1 Qxg5 20. Ne3 Ne5 21. Kf1 Qh5 22. Kg1 Rae8 23. Qa4 f5 24. Qb3+ Kh8 25. Nf1 Ng4 26. Qh3 Qg5 27. Ne3 Ne5 28. Qg3 Qh5 29. Nd5 Qf7 30. Rad1 f4 31. Qh3 Qg6 32. Kf1 e3 33. Nc7 Qxc2 0-1

[Event "CZE-ch Youth B16 2022"]
[Site "Luhacovice"]
[Date "2022.03.15"]
[Round "5.7"]
[White "Paseka, Matyas"]
[Black "Vaclavik, Jan"]
[Result "1/2-1/2"]
[ECO "B60"]
[WhiteElo "2058"]
[BlackElo "1997"]
[Annotator "ChessBase"]
[PlyCount "29"]
[EventDate "2022.03.12"]
[EventType "swiss"]
[EventCountry "CZE"]
[SourceTitle "playchess.com"]
[Source "ChessBase"]
[SourceQuality "1"]
[TimeControl "40/5400+30:1800+30"]

1. e4 c5 2. Nf3 d6 3. d4 cxd4 4. Nxd4 Nf6 5. Nc3 Nc6 6. Bg5 g6 7. Bxf6 exf6 8. Be2 Bg7 9. Ndb5 O-O 10. Qxd6 f5 11. Rd1 Qg5 12. Qg3 Qe7 13. Qd6 Qg5 14. Qg3 Qe7 15. Qd6 1/2-1/2

[Event "CZE-ch Youth B16 2022"]
[Site "Luhacovice"]
[Date "2022.03.15"]
[Round "5.8"]
[White "Vilimek, Vit"]
[Black "Mametev, Artem"]
[Result "1-0"]
[ECO "B20"]
[WhiteElo "1794"]
[BlackElo "1848"]
[Annotator "NA"]
[PlyCount "87"]
[EventDate "2022.03.12"]
[EventType "swiss"]
[EventCountry "CZE"]
[SourceTitle "playchess.com"]
[Source "ChessBase"]
[SourceQuality "1"]
[TimeControl "40/5400+30:1800+30"]

1. e4 c5 2. b3 Nc6 3. Bb2 d6 4. Bb5 Bd7 5. Nc3 Nd4 6. Bxd7+ Qxd7 7. f4 Nf6 8. Nf3 e6 9. O-O Nxf3+ (9... Be7 $11) 10. Qxf3 ({But not} 10. gxf3 d5 $11) 10... Be7 (10... Qc6 $14 {feels stronger.}) 11. e5 dxe5 12. fxe5 Qd4+ 13. Kh1 Qxe5 14. Qxb7 Rb8 15. Qc6+ Kf8 16. Rae1 Qd6 17. Qxd6 Bxd6 {[%emt 0:00:11] [#]} 18. Ne4 $1 Nxe4 19. Rxe4 Re8 20. Ra4 Re7 21. Ra6 Rd7 22. Rc6 Rd8 23. Bc3 Be7 24. Rxe6 f6 25. Rfe1 Rd7 26. Rc6 Kf7 27. d3 Bd6 28. g3 h5 29. Kg2 h4 30. Ra6 hxg3 31. hxg3 Rh5 32. Bd2 Be5 33. Be3 (33. Bf4 $18) 33... Kg6 34. Rc6 Bd4 35. Bxd4 cxd4 36. Rc4 Re5 37. Rxe5 fxe5 38. Kf3 Rd6 39. Ke4 Kf6 40. Rc5 Re6 41. a4 g6 42. b4 Re7 43. b5 Re6 44. Rc6 $18 1-0

[Event "CZE-ch Youth B16 2022"]
[Site "Luhacovice"]
[Date "2022.03.15"]
[Round "5.9"]
[White "Vasinek, Martin"]
[Black "Kubiczek, Michal"]
[Result "1-0"]
[ECO "D30"]
[WhiteElo "1594"]
[BlackElo "1720"]
[Annotator "NA"]
[PlyCount "63"]
[EventDate "2022.03.12"]
[EventType "swiss"]
[EventCountry "CZE"]
[SourceTitle "playchess.com"]
[Source "ChessBase"]
[SourceQuality "1"]
[TimeControl "40/5400+30:1800+30"]

1. d4 d5 2. c4 e6 3. Nf3 Nf6 4. e3 Be7 5. Bd3 dxc4 6. Bxc4 c5 7. O-O cxd4 8. Nxd4 O-O 9. Nc3 Qc7 10. b3 a6 11. Bb2 b5 12. Bd3 Bb7 13. Rc1 Qb6 14. Qe2 Rd8 15. Rfd1 Nbd7 16. a3 Rac8 17. Bb1 h6 18. Kh1 Bd6 19. f3 Nf8 20. b4 Be5 21. Na2 Bd5 22. f4 Bb8 23. Nc3 Ba8 24. Na2 N8d7 25. Nf3 Be4 26. Rxc8 Rxc8 27. Bxe4 Nxe4 28. Rxd7 Bd6 29. Ne5 f6 30. Bd4 Qb8 31. Qh5 Rf8 32. Qg6 1-0

[Event "CZE-ch Youth B16 2022"]
[Site "Luhacovice"]
[Date "2022.03.15"]
[Round "5.10"]
[White "Simek, Viktor"]
[Black "Mrazek, Roman"]
[Result "1/2-1/2"]
[ECO "B76"]
[WhiteElo "1527"]
[BlackElo "1820"]
[Annotator "NA"]
[PlyCount "61"]
[EventDate "2022.03.12"]
[EventType "swiss"]
[EventCountry "CZE"]
[SourceTitle "playchess.com"]
[Source "ChessBase"]
[SourceQuality "1"]
[TimeControl "40/5400+30:1800+30"]

1. e4 c5 2. Nf3 d6 3. d4 cxd4 4. Nxd4 Nf6 5. Nc3 g6 6. Be3 Bg7 7. f3 O-O 8. Qd2 Nc6 9. O-O-O d5 10. exd5 Nxd5 11. Nxc6 bxc6 12. Nxd5 cxd5 13. Qxd5 Qc7 14. Qxa8 Bf5 15. Qxf8+ Kxf8 16. Rd2 Qb8 17. b3 Bc3 (17... e6 $11 18. Bc4 Qe5) 18. Rd5 e5 $2 (18... Be6 $14 19. Bh6+ Bg7 20. Bxg7+ Kxg7) 19. Be2 $2 (19. Bc4 $18) 19... Kg7 20. Rhd1 Qb4 21. Bc5 Qf4+ 22. Kb1 Qxh2 23. Bf1 $11 ({Much weaker is} 23. Bxa7 Qxg2 24. Bd3 Be6 $17) 23... a5 24. Rd8 a4 25. Bf8+ Kf6 26. Re8 axb3 27. Be7+ Kg7 28. Bf8+ Kf6 29. Be7+ Kg7 30. Bf8+ Kf6 31. Be7+ 1/2-1/2

[Event "CZE-ch Youth B16 2022"]
[Site "Luhacovice"]
[Date "2022.03.15"]
[Round "5.11"]
[White "Oborny, Stanislav"]
[Black "Trojan, Matyas"]
[Result "0-1"]
[ECO "C77"]
[WhiteElo "1674"]
[BlackElo "1582"]
[Annotator "NA"]
[PlyCount "98"]
[EventDate "2022.03.12"]
[EventType "swiss"]
[EventCountry "CZE"]
[SourceTitle "playchess.com"]
[Source "ChessBase"]
[SourceQuality "1"]
[TimeControl "40/5400+30:1800+30"]

1. e4 e5 2. Nf3 Nc6 3. Bb5 a6 4. Ba4 Nf6 5. d3 b5 6. Bb3 Be7 7. O-O d6 8. c3 O-O 9. h3 Bb7 10. Re1 Re8 11. Nbd2 Bf8 12. Nf1 g6 13. Bg5 Bg7 14. Ne3 Qd7 15. Qd2 Na5 16. Bc2 c5 17. Rad1 d5 18. Bxf6 Bxf6 19. exd5 Bxd5 20. Ng4 Qd6 21. Qe2 Bxa2 22. Ra1 e4 23. Rxa2 exf3 24. Qxe8+ Rxe8 25. Rxe8+ Kg7 26. Rxa5 Bd8 27. Ra1 fxg2 28. Rae1 Bh4 29. Ne5 Qf6 30. Re2 Qf5 31. Ng4 h5 32. d4 Qf4 33. Ne3 cxd4 34. Nxg2 Qc1+ 35. Kh2 Bg5 36. cxd4 Qxb2 37. d5 Qd4 38. R8e5 Bf6 39. R2e4 Bxe5+ 40. f4 Qc3 41. fxe5 Qxc2 42. Re3 Qd2 43. d6 b4 44. Kg3 a5 45. Kf3 b3 46. e6 fxe6 47. Nf4 Qxd6 48. Rxe6 Qxe6 49. Nxe6+ Kh8 0-1

[Event "CZE-ch Youth B16 2022"]
[Site "Luhacovice"]
[Date "2022.03.15"]
[Round "5.12"]
[White "Zrubek, Adam"]
[Black "Zezula, Jakub"]
[Result "1/2-1/2"]
[ECO "C88"]
[WhiteElo "1661"]
[BlackElo "1891"]
[Annotator "NA"]
[PlyCount "106"]
[EventDate "2022.03.12"]
[EventType "swiss"]
[EventCountry "CZE"]
[SourceTitle "playchess.com"]
[Source "ChessBase"]
[SourceQuality "1"]
[TimeControl "40/5400+30:1800+30"]

1. e4 e5 2. Nf3 Nc6 3. Bb5 a6 4. Ba4 Nf6 5. O-O Be7 6. Re1 b5 7. Bb3 d6 8. h3 Na5 9. c3 Nxb3 10. Qxb3 Be6 11. Qd1 c5 12. d4 cxd4 13. cxd4 Qc7 14. b3 O-O 15. Bb2 exd4 16. Nxd4 Bd7 17. Nd2 Rfe8 18. Qf3 Rac8 19. Nf1 h6 20. Ng3 Nh7 21. Ndf5 Ng5 22. Qe3 Bxf5 23. Nxf5 Bf8 24. Qg3 Qc2 25. Bxg7 Bxg7 26. Nxg7 Kxg7 27. h4 Rc5 28. f4 {[#]} Rxe4 $1 29. fxg5 hxg5 30. hxg5 Rce5 31. Rxe4 Qxe4 32. Rf1 d5 33. Qf2 Qe3 34. Qxe3 Rxe3 35. Rd1 Re2 36. Rxd5 Rxa2 37. Rd6 Ra3 38. Kh2 b4 39. Rb6 a5 40. Rb5 Kg6 41. Rc5 Kh5 42. Rd5 $17 (42. Kg1 $15 {is superior.}) 42... Kg4 43. Rb5 Kf4 44. Rc5 Ke4 45. Rb5 Rxb3 46. Rxa5 Ra3 47. Rb5 b3 48. Rb7 Kd4 49. Rxf7 Ra5 50. g6 Rg5 51. Rf3 Kc4 52. Rg3 Rh5+ 53. Rh3 Rg5 1/2-1/2

[Event "CZE-ch Youth B16 2022"]
[Site "Luhacovice"]
[Date "2022.03.16"]
[Round "6.1"]
[White "Soucek, Petr"]
[Black "Dolensky, Filip"]
[Result "1/2-1/2"]
[ECO "A44"]
[WhiteElo "2194"]
[BlackElo "2021"]
[Annotator "ChessBase"]
[PlyCount "84"]
[EventDate "2022.03.12"]
[EventType "swiss"]
[EventCountry "CZE"]
[SourceTitle "playchess.com"]
[Source "ChessBase"]
[SourceQuality "1"]
[TimeControl "40/5400+30:1800+30"]

1. d4 c5 2. d5 e5 3. e4 d6 4. Nc3 a6 5. a4 Be7 6. b3 Nf6 7. Nf3 Nbd7 8. Be2 O-O 9. O-O Ne8 10. Nd2 g6 11. Nc4 Ng7 12. a5 f5 13. exf5 Nxf5 14. Na4 Rb8 15. Nab6 Nxb6 16. Nxb6 Bd7 17. Re1 Bf6 18. Bb2 Be8 19. Bd3 Nd4 20. Bxd4 cxd4 21. Qg4 Rf7 22. Bf5 Kg7 23. Be6 Re7 24. g3 Qc7 25. Qe4 Bb5 26. Ra2 Rbe8 27. Bh3 Qc3 28. Bf1 Bd7 29. Nxd7 Rxd7 30. Rd1 Qc5 31. Bc4 Rf8 32. Rd3 Rdf7 33. Rf3 Bd8 34. Rxf7+ Rxf7 35. h4 Bxa5 36. h5 d3 37. cxd3 Bb6 38. d4 Qxd4 39. Qxd4 Bxd4 40. hxg6 hxg6 41. Kg2 Rc7 42. Rc2 Rc5 1/2-1/2

[Event "CZE-ch Youth B16 2022"]
[Site "Luhacovice"]
[Date "2022.03.16"]
[Round "6.2"]
[White "Stejskal, Michal"]
[Black "Smolik, Jachym"]
[Result "0-1"]
[ECO "B11"]
[WhiteElo "1857"]
[BlackElo "2277"]
[Annotator "RC"]
[PlyCount "96"]
[EventDate "2022.03.12"]
[EventType "swiss"]
[EventCountry "CZE"]
[SourceTitle "playchess.com"]
[Source "ChessBase"]
[SourceQuality "1"]
[TimeControl "40/5400+30:1800+30"]

1. e4 c6 2. Nc3 d5 3. Nf3 Bg4 4. h3 Bxf3 5. Qxf3 e6 6. exd5 cxd5 7. d4 Nc6 8. Bb5 Rc8 9. O-O Nf6 10. Re1 Be7 11. Ne2 a6 12. Bxc6+ Rxc6 13. c3 Ne4 14. Ng3 Nxg3 15. Qxg3 Bf6 16. Bf4 O-O 17. Re2 b5 18. a3 Qe7 19. Rae1 Rfc8 20. Be5 a5 21. Qf3 Bxe5 22. Rxe5 Qf8 23. R5e3 h6 24. Qg3 Qd8 25. f4 Qf6 26. Re5 b4 27. axb4 axb4 28. R1e3 Kh7 29. Qf3 bxc3 30. bxc3 g6 31. Kh2 Ra6 32. g4 Ra2+ 33. Re2 Ra3 34. R2e3 Rb8 35. f5 gxf5 36. gxf5 Ra2+ 37. Re2 Rbb2 38. Rxb2 Rxb2+ 39. Kh1 Qg5 40. Qg4 Qc1+ 41. Qg1 Qf4 42. Re3 Qxf5 43. Qg4 Rb1+ 44. Kg2 Qf1+ 45. Kg3 Rb2 46. Kh4 Qf6+ 47. Kh5 Rf2 48. Re5 Rf4 0-1

[Event "CZE-ch Youth B16 2022"]
[Site "Luhacovice"]
[Date "2022.03.16"]
[Round "6.3"]
[White "Hak, David"]
[Black "Jirasko, Miroslav"]
[Result "1-0"]
[ECO "B15"]
[WhiteElo "2132"]
[BlackElo "1933"]
[Annotator "ChessBase"]
[PlyCount "91"]
[EventDate "2022.03.12"]
[EventType "swiss"]
[EventCountry "CZE"]
[SourceTitle "playchess.com"]
[Source "ChessBase"]
[SourceQuality "1"]
[TimeControl "40/5400+30:1800+30"]

1. e4 c6 2. d4 d5 3. Nc3 dxe4 4. Nxe4 Nf6 5. Nxf6+ exf6 6. Nf3 Bd6 7. Bd3 O-O 8. O-O Re8 9. c3 Nd7 10. Qc2 Nf8 11. Be3 Bg4 12. Nd2 Bc7 13. Rfe1 Qd6 14. Nf1 Rad8 15. f3 Bc8 16. Bf2 Rxe1 17. Rxe1 Be6 18. Bg3 Qd7 19. Bxc7 Qxc7 20. Ne3 g6 21. b4 b6 22. Qe2 a5 23. bxa5 bxa5 24. Bc4 Rb8 25. Ng4 Bxc4 26. Qxc4 Kg7 27. Qd3 h5 28. Ne3 Rb2 29. Re2 Qb8 30. Rxb2 Qxb2 31. Qc2 Qa1+ 32. Nd1 Nd7 33. Kf2 Nb6 34. Ke2 Nd5 35. g3 a4 36. Kd2 a3 37. Qb3 g5 38. Kc2 Nb6 39. Qxa3 f5 40. Qb2 Qxb2+ 41. Nxb2 Nd5 42. a4 g4 43. f4 Nxf4 44. gxf4 h4 45. Nd3 h3 46. a5 1-0

[Event "CZE-ch Youth B16 2022"]
[Site "Luhacovice"]
[Date "2022.03.16"]
[Round "6.4"]
[White "Bezdek, Tomas"]
[Black "Winter, Ondrej"]
[Result "0-1"]
[ECO "B38"]
[WhiteElo "1855"]
[BlackElo "2147"]
[Annotator "ChessBase"]
[PlyCount "140"]
[EventDate "2022.03.12"]
[EventType "swiss"]
[EventCountry "CZE"]
[SourceTitle "playchess.com"]
[Source "ChessBase"]
[SourceQuality "1"]
[TimeControl "40/5400+30:1800+30"]

1. e4 c5 2. Nf3 Nc6 3. d4 cxd4 4. Nxd4 g6 5. c4 Bg7 6. Be3 Nf6 7. Nc3 d6 8. Be2 O-O 9. O-O Bd7 10. Nc2 Rc8 11. Qd2 Be6 12. f4 a6 13. Rac1 Na5 14. b3 Qc7 15. Nb4 Qb8 16. f5 Bd7 17. Nbd5 Nc6 18. Nxf6+ Bxf6 19. Nd5 Bh8 20. f6 e6 21. Ne7+ Nxe7 22. fxe7 Rfe8 23. Bf4 e5 24. Bg5 Be6 25. c5 Rc6 26. Bc4 dxc5 27. Bxe6 Rxe6 28. Qd5 Qd6 29. Rfd1 Qxd5 30. exd5 Rd6 31. Rxc5 f6 32. Bc1 Kf7 33. Rc7 Rxe7 34. Rxe7+ Kxe7 35. Ba3 Kd7 36. Bxd6 Kxd6 37. Rc1 f5 38. Rc8 Bg7 39. Rb8 b5 40. Rb6+ Kxd5 41. Rxa6 Bf8 42. Kf1 Bc5 43. Ke2 b4 44. Ra8 Kd4 45. h3 e4 46. Rh8 Kc3 47. Rxh7 Kb2 48. Rc7 Bd4 49. Rb7 Bc3 50. Ra7 f4 51. Ra8 g5 52. Ra6 Bd4 53. Ra5 Bf6 54. Kd1 Bd8 55. Rb5 Kc3 56. Rc5+ Kd4 57. Rc8 Be7 58. Ke2 Kd5 59. Re8 Bd6 60. Rg8 Be7 61. Rg7 Bf6 62. Rb7 Kc5 63. Rf7 Bd8 64. h4 gxh4 65. Rxf4 Kd4 66. Rf7 Bg5 67. Rc7 Kd5 68. Rg7 Bf6 69. Rg8 Kd4 70. Rd8+ Bxd8 0-1

[Event "CZE-ch Youth B16 2022"]
[Site "Luhacovice"]
[Date "2022.03.16"]
[Round "6.6"]
[White "Vaclavik, Jan"]
[Black "Le, Anh Dung"]
[Result "0-1"]
[ECO "D10"]
[WhiteElo "1997"]
[BlackElo "1998"]
[Annotator "NA"]
[PlyCount "70"]
[EventDate "2022.03.12"]
[EventType "swiss"]
[EventCountry "CZE"]
[SourceTitle "playchess.com"]
[Source "ChessBase"]
[SourceQuality "1"]
[TimeControl "40/5400+30:1800+30"]

1. d4 d5 2. c4 c6 3. cxd5 cxd5 4. Bf4 Nc6 5. e3 a6 6. Nc3 Nf6 7. Nf3 Bg4 8. Rc1 e6 9. Be2 Bxf3 10. Bxf3 Bd6 11. Bxd6 Qxd6 12. O-O O-O 13. Na4 b5 14. Nc5 Nd7 15. e4 (15. Qd2 $14) 15... Nb6 16. Qd3 Ra7 (16... e5 $142) 17. Rfd1 Rd8 18. b3 Nb4 19. Qe2 dxe4 20. Bxe4 N4d5 21. Bb1 Nf6 22. Qf3 Nbd5 23. g3 Rc7 24. Re1 Rdc8 25. Rcd1 g6 26. h4 Kg7 27. Kh2 b4 28. Rd3 Nc3 29. Bc2 Nd7 30. Rxc3 bxc3 31. Ne4 Qxd4 32. Rd1 $19 Qe5 33. Qg2 Nf6 34. f4 Qa5 35. Ng5 Ng4+ 0-1

[Event "CZE-ch Youth B16 2022"]
[Site "Luhacovice"]
[Date "2022.03.16"]
[Round "6.7"]
[White "Vasinek, Martin"]
[Black "Paseka, Matyas"]
[Result "0-1"]
[ECO "E92"]
[WhiteElo "1594"]
[BlackElo "2058"]
[Annotator "ChessBase"]
[PlyCount "78"]
[EventDate "2022.03.12"]
[EventType "swiss"]
[EventCountry "CZE"]
[SourceTitle "playchess.com"]
[Source "ChessBase"]
[SourceQuality "1"]
[TimeControl "40/5400+30:1800+30"]

1. d4 Nf6 2. c4 g6 3. Nc3 Bg7 4. e4 d6 5. Nf3 O-O 6. Be2 e5 7. d5 a5 8. O-O Na6 9. a3 Bd7 10. Qc2 a4 11. Be3 Qe8 12. h3 b6 13. b4 axb3 14. Qxb3 Nh5 15. Rab1 Nf4 16. Bd1 Qc8 17. Nd2 Nc5 18. Bxc5 bxc5 19. a4 Bh6 20. Rb2 Bxh3 21. gxh3 Qxh3 22. Bf3 Nd3 23. Bg2 Qg4 24. Nf3 Nxb2 25. Qxb2 f5 26. Nh2 Qh4 27. Nf3 Qh5 28. Qc2 fxe4 29. Nxe4 Rxf3 30. Bxf3 Qxf3 31. Rb1 Rf8 32. Rb3 Qh5 33. Rg3 Bf4 34. Rg2 Qf3 35. Nc3 Kg7 36. a5 Ra8 37. Kh1 Rxa5 38. Nb1 Ra2 39. Qxa2 Qh5+ 0-1

[Event "CZE-ch Youth B16 2022"]
[Site "Luhacovice"]
[Date "2022.03.16"]
[Round "6.8"]
[White "Dedek, Jan"]
[Black "Trojan, Matyas"]
[Result "1/2-1/2"]
[ECO "D31"]
[WhiteElo "1963"]
[BlackElo "1582"]
[Annotator "ChessBase"]
[PlyCount "61"]
[EventDate "2022.03.12"]
[EventType "swiss"]
[EventCountry "CZE"]
[SourceTitle "playchess.com"]
[Source "ChessBase"]
[SourceQuality "1"]
[TimeControl "40/5400+30:1800+30"]

1. d4 d5 2. c4 e6 3. Nc3 a6 4. cxd5 exd5 5. Nf3 Nf6 6. Bg5 c6 7. Qc2 Be6 8. e3 Nbd7 9. Bd3 Bd6 10. O-O Qc7 11. a3 O-O 12. b4 h6 13. Bh4 Nh5 14. Rab1 g5 15. Bg3 Nxg3 16. hxg3 b5 17. Bf5 Kg7 18. Bxe6 fxe6 19. e4 Nb6 20. exd5 exd5 21. Rbe1 Rae8 22. Qc1 Nc4 23. Nxg5 Rxe1 24. Rxe1 hxg5 25. Qxg5+ Kf7 26. Nxd5 cxd5 27. Qxd5+ Kg7 28. Qg5+ Kf7 29. Qd5+ Kg7 30. Qg5+ Kf7 31. Qd5+ 1/2-1/2

[Event "CZE-ch Youth B16 2022"]
[Site "Luhacovice"]
[Date "2022.03.16"]
[Round "6.9"]
[White "Zezula, Jakub"]
[Black "Pelc, Adam"]
[Result "1-0"]
[ECO "B38"]
[WhiteElo "1891"]
[BlackElo "1811"]
[Annotator "NA"]
[PlyCount "75"]
[EventDate "2022.03.12"]
[EventType "swiss"]
[EventCountry "CZE"]
[SourceTitle "playchess.com"]
[Source "ChessBase"]
[SourceQuality "1"]
[TimeControl "40/5400+30:1800+30"]

1. e4 c5 2. Nf3 g6 3. d4 cxd4 4. Nxd4 Bg7 5. c4 Nc6 6. Be3 d6 7. Nc3 Bd7 8. Be2 Nf6 9. Nc2 Rc8 10. O-O O-O 11. Rc1 Ne5 12. b3 a6 13. Nd4 Nc6 14. f3 Qa5 15. Qd2 Rfd8 16. Rfd1 Be8 17. Kh1 e6 18. Nxc6 Bxc6 19. b4 Qh5 20. b5 axb5 21. cxb5 Be8 22. a4 d5 23. f4 Qh4 24. e5 Nd7 25. a5 d4 26. Bxd4 Nxe5 27. g3 Qh6 28. fxe5 Qxd2 29. Rxd2 $16 Bh6 30. Rcd1 Bxd2 31. Rxd2 Kf8 32. Ne4 Rc1+ 33. Kg2 Rd5 34. Nf6 Bxb5 35. Nxd5 Bxe2 36. Nf6 Bf1+ 37. Kf2 Kg7 38. Be3 1-0